 Dungeon Crawl Stone Soup version 0.20.1-1-g8b1a95d (webtiles) character file.

63 Knicklaso the Slasher (level 3, -2/31 HPs)
             Began as a Draconian Berserker on July 15, 2017.
             Was a Follower of Trog.
             Slain by a gnoll
             ... wielding a +0 whip
              (7 damage)
             ... on level 2 of the Dungeon.
             The game lasted 00:02:07 (1039 turns).

Knicklaso the Slasher (Draconian Berserker)         Turns: 1039, Time: 00:02:09

Health: -2/31      AC:  5    Str: 20    XL:     3   Next: 87%
Magic:  3/3        EV: 12    Int:  7    God:    Trog [*.....]
Gold:   38         SH:  0    Dex: 10    Spells: 2/2 levels left

rFire    . . .     SeeInvis .   a - +0 falchion
rCold    . . .     Gourm    .   (no shield)
rNeg     . . .     Faith    .   (armour unavailable)
rPois    .         Spirit   .   (helmet restricted)
rElec    .         Reflect  .   (no cloak)
rCorr    .         Harm     .   (no gloves)
MR       ++...                  (no boots)
Stlth    +.........             (no amulet)
Regen    1.1/turn               (no ring)
MPRegen  0.1/turn               (no ring)

@: regenerating
A: unfitting armour, cold-blooded, AC +5
a: Berserk, Burn Spellbooks, Renounce Religion


You were on level 2 of the Dungeon.
You worshipped Trog.
Trog was aware of your devotion.
You were hungry.

You visited 1 branch of the dungeon, and saw 2 of its levels.

You collected 38 gold pieces.

Inventory:

Hand Weapons
 a - a +0 falchion (weapon)
Scrolls
 d - 2 scrolls of enchant weapon {unknown}
 e - 9 scrolls of identify {unknown}
 j - a scroll of magic mapping {unknown}
 l - a scroll of teleportation {unknown}
Potions
 c - a potion of might {unknown}
 f - a potion of agility {unknown}
 h - a potion of curing {unknown}
 i - a potion of brilliance {unknown}
 m - a potion of degeneration {unknown}
Comestibles
 b - a bread ration
 g - 2 meat rations
 k - a chunk of flesh
 n - a royal jelly


   Skills:
 - Level 3.2 Fighting
 + Level 4.8 Long Blades
 - Level 2.6 Dodging


You had 2 spell levels left.
You didn't know any spells.

Dungeon Overview and Level Annotations

Branches:
Dungeon (2/15)

Altars:


Innate Abilities, Weirdness & Mutations

Your plain brown scales are hard. (AC +5)
You cannot fit into any form of body armour.
You are cold-blooded and may be slowed by cold attacks.


Message History

Trog accepts your kill.
The gnoll barely misses you. x2; The gnoll hits you with a whip.
The gnoll misses you.
Some of the chunks of flesh in your inventory have rotted away.
You hit the gnoll.
The gnoll is lightly wounded.
The gnoll hits you with a whip.
The gnoll hits you from afar with a halberd.
* * * LOW HITPOINT WARNING * * *
The gnoll hits you with a whip.
* * * LOW HITPOINT WARNING * * *
The gnoll barely misses you.
You riposte.
You slash the gnoll!
The gnoll is almost dead.
A rat comes into view.
Your skin crawls.
You feel resistant to hostile enchantments.
You feel somewhat more hungry.
You can no longer call upon Trog for regeneration and protection from hostile enchantments.
The gnoll hits you but does no damage. The gnoll hits you with a whip!
You die...

.............##.......#
#...#####.##......##
#...(.....##.#...###
#...########........
#...# ####..### ###
#...# #..###
....#..(### #....#
#...†...##### ##.#[#
#.##g@).!...# #....
#.#.ggg...#.# ###.# #
#.gg.?..... #..
.........#.# ###
..#.......# #
#........#.#
#.##......<. #
##.####.r.


You could see 5 gnolls, a hobgoblin and a rat.

Vanquished Creatures
  2 gnolls (D:2)
  2 adders
  A dart slug (D:2)
  A leopard gecko (D:1)
  A giant cockroach (D:1)
  5 goblins
  4 hobgoblins
  4 bats
  3 frilled lizards (D:1)
  2 kobolds (D:1)
  A rat (D:1)
26 creatures vanquished.

Notes
Turn   | Place    | Note
-------+----------+-------------------------------------------
     0 | D:1      | Knicklaso the Draconian Berserker began the quest for the Orb.
     0 | D:1      | Reached XP level 1. HP: 19/19 MP: 1/1
   244 | D:1      | Reached XP level 2. HP: 24/26 MP: 2/2
   779 | D:1      | Reached skill level 4 in Long Blades
   785 | D:2      | Reached XP level 3. HP: 31/31 MP: 3/3
  1035 | D:2      | Reached ** piety under Trog
  1039 | D:2      | Slain by a gnoll

Skill      XL: |  1  2 |
---------------+-------+-----
Long Blades    | 4 |  4.8
Fighting       | |  3.2
Dodging        | |  2.6

Action                   || total
-------------------------++-------
Melee: Falchion          ||    66
       Tailslap          ||     8
Invok: Trog's Hand       ||     1
 Stab: Sleeping          ||     2
Armor: Skin              ||    19
Dodge: Dodged            ||    68
       Rpst.: Falchion   ||    24
